 Dungeon Crawl Stone Soup version 0.32-a0-841-g4648e6c457 (webtiles) character file.

Game seed: 16332112452851251859

12425 shadizar the Thaumaturge (level 12, -2/86 HPs)
             Began as a Djinni Conjurer on Mar 26, 2024.
             Was a Priest of Makhleb.
             Slain by a freezing wraith (22 damage)
             ... in an ice cave.
             The game lasted 00:12:22 (12143 turns).

shadizar the Thaumaturge (Djinni Conjurer)         Turns: 12143, Time: 00:12:23

Health: -2/86      AC:  5    Str: 16    XL:     12   Next: 20%
Gold:   752        EV: 15    Int: 29    God:    Makhleb [***...] SH:  0 Dex: 17

rFire   + + +        i - staff of conjuration
rCold   x . .        (no shield)
rNeg    . . .        E - +2 robe {rF+}
rPois   ∞            d - +0 helmet
rElec   .            (no cloak)
rCorr   .            (no gloves)
SInv    +            (boots unavailable)
Will    +....        H - amulet of the acrobat
Stlth   +++          v - +6 ring of strength
HPRegen 0.34/turn    B - ring "Noela" {*Slow rPois Str+4 Int+3 Dex+6 SInv}
MPRegen 0.00/turn

%: slow self (1%), acrobat, infuse magic (-3 HP)
@: flying
A: sickness immunity, fire resistance 2, cold vulnerability 1, float, innate
caster, HP casting, extra vitality 1
a: Renounce Religion, Minor Destruction, Lesser Servant of Makhleb


You were in an ice cave.
You worshipped Makhleb.
Makhleb was most pleased with you.
You visited 3 branches of the dungeon, and saw 12 of its levels.
You also visited: Ice Cave.

You collected 752 gold pieces.

Inventory:

Armour
 d - a +0 helmet (worn)
 E - a +2 robe of fire resistance (worn)
 G - a +2 scale mail of positive energy
Magical Staves
 i - a staff of conjuration (weapon)
 t - a staff of air
Jewellery
 n - a ring of resist corrosion
 u - a +6 ring of strength
 v - a +6 ring of strength (left hand)
 B - the ring "Noela" (right hand) {*Slow rPois Str+4 Int+3 Dex+6 SInv}
   (You found it on level 6 of the Dungeon)

   [ring of dexterity]

   Str+4:     It affects your strength (+4).
   Int+3:     It affects your intelligence (+3).
   Dex+6:     It affects your dexterity (+6).
   rPois:     It protects you from poison.
   SInv:      It lets you see invisible.
   *Slow:     It may slow you when you take damage.
 H - an amulet of the acrobat (around neck)
 I - a +6 ring of dexterity
Wands
 x - a wand of acid (14)
 F - a wand of flame (27)
Scrolls
 b - 11 scrolls of teleportation
 e - 2 scrolls of fog
 f - 3 scrolls of amnesia
 h - a scroll of blinking
 j - 2 scrolls of torment
 r - a scroll of immolation
 w - 4 scrolls of silence
 y - a scroll of vulnerability
Potions
 c - 3 potions of degeneration
 g - a potion of berserk rage {unknown}
 k - a potion of lignification {unknown}
 l - 2 potions of magic {unknown}
 m - 2 potions of curing
 o - 3 potions of mutation {unknown}
 p - 3 potions of attraction {unknown}
 q - 2 potions of might {unknown}
 s - 2 potions of haste {unknown}
 z - 3 potions of invisibility {unknown}
 A - a potion of heal wounds {unknown}
 C - 3 potions of resistance
 D - a potion of brilliance {unknown}


   Skills:
 + Level 8.1 Fighting
 + Level 6.4 Armour
 + Level 7.5 Dodging
 + Level 6.2 Stealth
 + Level 10.4 Spellcasting
 + Level 10.4 Conjurations
 + Level 10.4 Hexes
   Level 0.0 Charms
 + Level 10.4 Summonings
 + Level 10.4 Necromancy
 + Level 10.4 Translocations
   Level 0.0 Transmutations
 + Level 10.4 Fire Magic
 + Level 10.4 Ice Magic
 + Level 10.4 Air Magic
 + Level 10.4 Earth Magic
 + Level 10.4 Alchemy


You knew the following spells:

 Your Spells              Type           Power      Damage    Failure   Level
a - Magic Dart            Conj           100%       1d8       1%          1
b - Searing Ray           Conj           100%       2d8       1%          2
c - Fulminant Prism       Conj/Alch      42%        3d19      1%          4
d - Iskenderun's Mystic   Conj/Tloc      85%        2d17      1%          4
e - Sandblast             Erth           100%       2d20      1%          1
f - Ensorcelled Hibernat  Hex/Ice        100%       N/A       1%          2
g - Lesser Beckoning      Tloc           100%       N/A       1%          2
h - Summon Ice Beast      Ice/Summ       66%        N/A       1%          3
i - Leda's Liquefaction   Alch/Erth      33%        N/A       1%          4
Your spell library was empty.

Dungeon Overview and Level Annotations

Branches:
Dungeon (8/15)             Temple (1/1) D:4            Lair (3/5) D:8
  Swamp (0/4) Lair:3        Snake (0/4) Lair:3        IceCv (1/1)

Altars:
Ashenzari
Dithmenos
Elyvilon
Fedhas
Gozag
Hepliaklqana
Makhleb
Okawaru
Qazlal
Uskayaw
Wu Jian
Xom
Yredelemnul
Zin
The Shining One

Shops:
D:2 ?!

Annotations:
D:2 1 runed translucent door, Crazy Yiuf
D:3 2 transporters, WLBjork's ghost, amateur GnRe
D:4 2 transporters, ViolentViolet's ghost, novice CoFi
D:5 exclusion: statue


Innate Abilities, Weirdness & Mutations

You are immune to sickness and miasma.
You are immune to poison.
Your flesh is very heat resistant. (rF++)
You are vulnerable to cold. (rC-)
You float through the air rather than walking.
You learn spells naturally, not from books.
Your magical power is your life essence.
You have superior vitality. (+4 MHP)


Message History

The harpy simulacrum freezes you!!
You feel a terrible chill!
* * * LOW HITPOINT WARNING * * *
The harpy simulacrum closely misses you.
An elephant simulacrum comes into view.
A death yak simulacrum comes into view.
Unknown command.
Casting: Iskenderun's Mystic Blast (mildly dangerous; 1% risk of failure)
Confirm with . or Enter, or press ? or * to list all spells.
You feel a surge of power!
You erupt in a blast of force!
The mystic blast hits the harpy simulacrum!
The harpy simulacrum vaporises!
Makhleb accepts your kill.
You feel better.
* * * LOW HITPOINT WARNING * * *
Unknown command.
Unknown command.
Unknown command.
Casting: Iskenderun's Mystic Blast (mildly dangerous; 1% risk of failure)
Confirm with . or Enter, or press ? or * to list all spells.
You feel a surge of power!
You erupt in a blast of force!
The mystic blast hits the cane toad simulacrum!!
The cane toad simulacrum vaporises!
Makhleb accepts your kill.
You feel better.
The mystic blast hits the freezing wraith.
The freezing wraith is lightly damaged.
Unknown command.
Unknown command.
Unknown command.
Unknown command.
Unknown command.
Casting: Iskenderun's Mystic Blast (mildly dangerous; 1% risk of failure)
Confirm with . or Enter, or press ? or * to list all spells.
You feel a surge of power!
You erupt in a blast of force!
The mystic blast hits the freezing wraith but does no damage.
The freezing wraith is lightly damaged.
* * * LOW HITPOINT WARNING * * *
The freezing wraith hits you.
* * * LOW HITPOINT WARNING * * *
The freezing wraith freezes you!!
You feel a terrible chill!
You die...

### ...###
......#
.......##
........##
.ßZ...°..#
.........#
$......W@#
.......○.#
.ß.......#
..Z.....##
.......##
......#
...### ###


You could see a freezing wraith, a death yak simulacrum and an elephant
simulacrum.

Vanquished Creatures
  A two-headed ogre (D:8)
  A skyshark (Lair:1)
  A black mamba (Lair:3)
  A torpor snail (Lair:3)
  4 cane toads
  A rime drake (Lair:2)
  Jeremiah (D:7)
  6 komodo dragons
  A polar bear (Lair:3)
  14 yaks
  Sigmund (D:2)
  5 wyverns
  A basilisk (Lair:2)
  A harpy simulacrum (IceCv)
  2 nagas (Lair:3)
  7 water moccasins
  3 orc warriors
  A sky beast (D:6)
  4 black bears
  3 ice beasts
  3 ogres
  A phantom (D:7)
  6 bullfrogs
  3 scorpions (D:5)
  A cane toad simulacrum (IceCv)
  4 howler monkeys
  2 electric eels
  5 hounds
  2 bombardier beetles (D:4)
  2 orc priests (D:8)
  A sleepcap (D:6)
  Natasha (thrice) (D:2)
  5 orc wizards
  3 iguanas
  10 hell rats
  2 gnolls
  9 adders
  7 river rats (Lair:1)
  2 shadow imps
  2 ufetubi (D:7)
  3 dart slugs
  26 orcs
  7 endoplasms
  2 giant cockroaches
  5 goblins
  5 hobgoblins
  2 jackals (D:2)
  A quokka (D:4)
  8 ball pythons
  3 bats
  4 frilled lizards (D:2)
  6 kobolds
  10 rats
214 creatures vanquished.

Vanquished Creatures (others)
  2 fulminant prisms
2 creatures vanquished.

Grand Total: 216 creatures vanquished

Notes
Turn   | Place    | Note
-------+----------+-------------------------------------------
     0 | D:1      | shadizar the Djinni Conjurer began the quest for the Orb.
     0 | D:1      | shadizar set off with the following spells memorised: Magic
                  | Dart, Searing Ray, Fulminant Prism, Iskenderun's Mystic
                  | Blast.
     0 | D:1      | Reached XP level 1. HP: 15/15 MP: 0/0
   151 | D:1      | Reached XP level 2. HP: 21/22 MP: 0/0
   559 | D:1      | Reached skill level 1 in Fighting
   761 | D:2      | Noticed Sigmund
   767 | D:2      | Killed Sigmund
   768 | D:2      | Reached XP level 3. HP: 16/29 MP: 0/0
   768 | D:2      | Learned a level 1 spell: Sandblast
   768 | D:2      | Reached XP level 4. HP: 19/34 MP: 0/0
   768 | D:2      | Reached XP level 5. HP: 22/39 MP: 0/0
   768 | D:2      | Learned a level 2 spell: Ensorcelled Hibernation
   928 | D:2      | Found Ozohep's Magic Scroll Emporium.
   972 | D:2      | Found Kouxuatt's Distillery.
  1247 | D:1      | Reached skill level 5 in Spellcasting
  1247 | D:1      | Reached skill level 5 in Conjurations
  1247 | D:1      | Reached skill level 5 in Hexes
  1247 | D:1      | Reached skill level 5 in Summonings
  1247 | D:1      | Reached skill level 5 in Necromancy
  1247 | D:1      | Reached skill level 5 in Translocations
  1247 | D:1      | Reached skill level 5 in Fire Magic
  1247 | D:1      | Reached skill level 5 in Ice Magic
  1247 | D:1      | Reached skill level 5 in Air Magic
  1247 | D:1      | Reached skill level 5 in Earth Magic
  1247 | D:1      | Reached skill level 5 in Alchemy
  1354 | D:2      | Reached XP level 6. HP: 42/45 MP: 0/0
  1416 | D:2      | Noticed Natasha
  1420 | D:2      | Killed Natasha
  1637 | D:2      | Noticed Natasha
  1641 | D:2      | Killed Natasha
  1732 | D:2      | Found a runed translucent door.
  1733 | D:2      | Noticed Crazy Yiuf
  2022 | D:2      | Noticed Natasha
  2030 | D:2      | Killed Natasha
  2702 | D:3      | Found a transporter.
  2707 | D:3      | Found a transporter.
  2707 | D:3      | Noticed WLBjork's ghost (amateur GnRe)
  3045 | D:3      | Reached XP level 7. HP: 47/50 MP: 0/0
  3045 | D:3      | Learned a level 2 spell: Lesser Beckoning
  3490 | D:4      | Found a transporter.
  3491 | D:4      | Noticed ViolentViolet's ghost (novice CoFi)
  3542 | D:4      | Found a transporter.
  3601 | D:4      | Found a staircase to the Ecumenical Temple.
  3631 | Temple   | Entered the Ecumenical Temple
  3656 | Temple   | Became a worshipper of Makhleb the Destroyer
  3680 | D:4      | Found a hide-covered altar of Uskayaw.
  3682 | D:4      | Found a blossoming altar of Fedhas.
  3746 | D:4      | Reached XP level 8. HP: 53/56 MP: 0/0
  4130 | D:5      | Entered Level 5 of the Dungeon
  4684 | D:5      | Found a white marble altar of Elyvilon.
  4957 | D:5      | Reached XP level 9. HP: 57/64 MP: 0/0
  4957 | D:5      | Learned a level 3 spell: Summon Ice Beast
  5043 | D:5      | Reached skill level 5 in Fighting
  5532 | D:6      | Identified the ring "Noela" {*Slow rPois Str+4 Int+3 Dex+6
                  | SInv}
  6245 | D:6      | Found a stormy altar of Qazlal.
  6766 | D:7      | Reached * piety under Makhleb
  6906 | D:7      | Noticed Jeremiah
  6911 | D:7      | Killed Jeremiah
  7715 | D:8      | Reached XP level 10. HP: 54/73 MP: 0/0
  8329 | D:8      | Noticed a two-headed ogre
  8350 | D:8      | Killed a two-headed ogre
  8351 | D:8      | Reached skill level 10 in Spellcasting
  8351 | D:8      | Reached skill level 10 in Conjurations
  8351 | D:8      | Reached skill level 10 in Hexes
  8351 | D:8      | Reached skill level 10 in Summonings
  8351 | D:8      | Reached skill level 10 in Necromancy
  8351 | D:8      | Reached skill level 10 in Translocations
  8351 | D:8      | Reached skill level 10 in Fire Magic
  8351 | D:8      | Reached skill level 10 in Ice Magic
  8351 | D:8      | Reached skill level 10 in Air Magic
  8351 | D:8      | Reached skill level 10 in Earth Magic
  8351 | D:8      | Reached skill level 10 in Alchemy
  8531 | D:8      | Found a staircase to the Lair.
  8883 | Lair:1   | Entered Level 1 of the Lair of Beasts
  8883 | Lair:1   | Noticed a cane toad
  8884 | Lair:1   | Noticed a cane toad
  8887 | Lair:1   | Killed a cane toad
  8888 | Lair:1   | Reached skill level 1 in Armour
  8890 | Lair:1   | Killed a cane toad
  8951 | Lair:1   | Reached ** piety under Makhleb
  8955 | Lair:1   | Noticed a komodo dragon
  8972 | Lair:1   | Killed a komodo dragon
  9171 | Lair:1   | Reached XP level 11. HP: 65/79 MP: 0/0
  9171 | Lair:1   | Learned a level 4 spell: Leda's Liquefaction
  9179 | Lair:1   | Reached skill level 5 in Dodging
  9302 | Lair:1   | Noticed a skyshark
  9306 | Lair:1   | Killed a skyshark
  9572 | Lair:1   | Found a glowing golden altar of the Shining One.
 10281 | Lair:2   | Reached skill level 5 in Armour
 10281 | Lair:2   | Reached skill level 5 in Stealth
 11856 | Lair:3   | Found a staircase to the Snake Pit.
 11932 | Lair:3   | Reached *** piety under Makhleb
 11943 | Lair:3   | Reached XP level 12. HP: 38/86 MP: 0/0
 11959 | Lair:3   | Found a staircase to the Swamp.
 11982 | Lair:3   | Found a frozen archway.
 12135 | IceCv    | Entered an ice cave
 12143 | IceCv    | Slain by a freezing wraith

Illustrated notes

Levels and vault maps discovered:
D:1:      psy_arrival_terrarium, layout_basic
D:2:      layout_loops_corners, serial_shops, shop, nicolae_square_shop,
          uniq_natasha, uniq_sigmund, uniq_crazy_yiuf_cottage
D:3:      layout_basic, gammafunk_ghost_arena,
          hangedman_abyss_or_decor_lesser_grid
D:4:      layout_rooms, chequers_temple_overflow_statue_of_worship,
          minmay_temple_entry_large_hall, gammafunk_ghost_gnarly_gnolls
D:5:      layout_loops_ring, vehumet_statue, elyvilon_altar_1
D:6:      cheibrodos_helix_gallery, layout_loops_corners,
          nicolae_qazlal_beasts_of_the_sky
D:7:      layout_cave_pods, uniq_jeremiah
D:8:      layout_cave_pods, lair_entry_dummy
Temple:   hellmonk_temple_forest_ring
Lair:1:   layout_misc_corridors, basic_altar, kennysheep_abandoned_house
Lair:2:   layout_cave_pods, hibernation_bobbens, serial_bayou_shore_a,
          serial_bayou_shore_b, grunt_megastairs_4
Lair:3:   layout_regular_city, swamp_mist_pool,
          minmay_snake_entry_guardpost_small, portal_ice_cave_entry_pillars_1,
          lemuel_fruit_tree
IceCv:    ice_cave_statue_garden_transporter

Skill      XL: |  1  2  3  4  5  6  7  8  9 10 11 12 |
---------------+-------------------------------------+-----
Fighting       | 2 3 4 6 7 8 |  8.1
Spellcasting   | 4 5 6 8 9 10 | 10.4
Conjurations   | 4 5 6 8 9 10 | 10.4
Hexes          | 4 5 6 8 9 10 | 10.4
Summonings     | 4 5 6 8 9 10 | 10.4
Necromancy     | 4 5 6 8 9 10 | 10.4
Translocations | 4 5 6 8 9 10 | 10.4
Fire Magic     | 4 5 6 8 9 10 | 10.4
Ice Magic      | 4 5 6 8 9 10 | 10.4
Air Magic      | 4 5 6 8 9 10 | 10.4
Earth Magic    | 4 5 6 8 9 10 | 10.4
Alchemy        | 4 5 6 8 9 10 | 10.4
Armour         | 3 6 |  6.4
Stealth        | 3 5 6 |  6.2
Dodging        | 4 7 |  7.5

Action                     |  1- 3 |  4- 6 |  7- 9 | 10-12 || total
---------------------------+-------+-------+-------+-------++-------
  Melee: Staff             |       |       |     1 |     1 ||     2
   Cast: Magic Dart        |    31 |   105 |   184 |   127 ||   447
         Searing Ray       |     2 |     2 |     3 |       ||     7
         Iskenderun's Myst |       |       |    37 |   121 ||   158
         Fulminant Prism   |       |       |     1 |     1 ||     2
    Use: Scroll            |       |       |       |    16 ||    16
         Potion            |       |       |       |     3 ||     3
 Armour: Robe              |     3 |     7 |    30 |    29 ||    69
  Dodge: Dodged            |     2 |     8 |    20 |    30 ||    60

Table legend: (Time is in decaauts)
 A = Elapsed time spent in this place.
 B = Non-inter-level travel time spent in this place.
 C = Inter-level travel time spent in this place.
 D = Time resting spent in this place.
 E = Time spent auto-exploring this place.
 F = Levels seen in this place.
 G = Mean time per level.
                   A        B        C        D        E       F      G
               +--------+--------+--------+--------+--------+-----+--------+
         Total |  12152 |  11527 |    625 |      0 |   9931 |  13 |  934.8 |
       Dungeon |   8849 |   8293 |    556 |      0 |   7262 |   8 | 1106.1 |
        Temple |     36 |     36 |      0 |      0 |     13 |   1 |   36.0 |
          Lair |   3258 |   3190 |     68 |      0 |   2656 |   3 | 1086.0 |
      Ice Cave |      7 |      7 |      0 |      0 |      0 |   1 |    7.0 |
               +--------+--------+--------+--------+--------+-----+--------+

Top non-repeatable levels by time:
  Lair:2: 1753 daAuts
     D:2: 1449 daAuts
     D:6: 1366 daAuts
     D:8: 1174 daAuts
  Lair:1: 1139 daAuts
     D:5: 1061 daAuts
     D:3: 1048 daAuts
     D:7: 1022 daAuts
     D:1: 872 daAuts
     D:4: 853 daAuts
  Lair:3: 365 daAuts
  Temple: 36 daAuts
   IceCv: 7 daAuts
